Map: Dusk Towers

Players

stormerkr - Winner!

  • Race: Zerg Zerg
  • League: Gold

Grumm

  • Race: Protoss Protoss
  • League: Gold

VOD

Have the link to the VOD?

Description

Time

  • Played on: Feb. 19, 2016, 2:21 p.m.
  • Length: 12:41
Show
View Real Time Build Order
Export as new Build Order

stormerkr Zerg - Winner!

Build Orders: Hatch First 

Get SALT Encoding   

  12  0:01  Drone  
  13  0:08  Drone  
  14  0:17  Overlord  
  14  0:27  Extractor  
  14  0:28  Drone  
  15  0:36  Drone x2  
  17  0:55  Hatchery  
  16  1:02  Drone x2  
  18  1:13  Spawning Pool  
  18  1:16  Drone  
  18  1:21  Drone  
  19  1:29  Drone  
  19  1:32  Extractor  
  19  1:41  Overlord  
  19  1:50  Drone  
  20  2:02  Queen  
  20  2:06  Queen  
  24  2:10  Drone x2  
  24  2:15  Drone  
  27  2:19  Drone  
  28  2:23  Drone  
  28  2:28  Drone  
  30  2:32  Drone  
  31  2:43  Drone  
  32  2:45  Drone  
  32  2:46  Hatchery  
  32  2:49  Lair  
  32  2:53  Drone  
  33  3:00  Drone  
  33  3:01  Roach Warren  
  33  3:04  Drone  
  34  3:10  Queen  
  36  3:14  Overlord  
  36  3:29  Extractor  
  35  3:35  Drone x3  
  35  3:36  Drone  
  35  3:40  Spore Crawler  
  38  3:44  Spore Crawler  
  38  3:46  Spore Crawler  
  36  3:48  Drone x2  
  36  3:49  Drone x3  
  41  3:56  Roach  
  41  3:59  Overlord x2  
  43  4:09  Extractor  
  42  4:11  Drone x3  
  42  4:12  Drone  
  42  4:13  Overlord x2  
  42  4:16  Queen  
  48  4:25  Drone  
  48  4:26  Drone x3  
  48  4:29  Roach  
  48  4:30  Roach  
  56  4:32  Roach  
  58  4:50  Hydralisk Den  
  57  4:55  Evolution Chamber x2  
  57  4:59  Drone x4  
  60  5:00  Drone x3  
  60  5:01  Roach x3  
  60  5:05  Glial Reconstitution  
  68  5:10  Ravager x4  
  72  5:15  Drone  
  72  5:16  Drone x3  
  76  5:26  Drone x4  
  78  5:42  Drone  
  78  5:43  Drone x4  
  78  5:44  Spore Crawler, Overlord x3  
  78  5:45  Spore Crawler  
  78  5:47  Zerg Missile Weapons Level 1  
  78  5:49  Zerg Ground Armor Level 1  
  80  6:02  Pneumatized Carapace  
  80  6:07  Roach x2  
  80  6:08  Roach x2  
  80  6:09  Overlord x4  
  88  6:18  Extractor  
  87  6:20  Roach x4  
  87  6:21  Overlord x2  
  87  6:25  Drone x2, Extractor  
  96  6:29  Drone  
  96  6:30  Drone, Extractor  
  97  6:36  Burrow  
  97  6:39  Drone x2, Overlord  
  99  6:41  Roach x3  
  105  6:52  Overseer  
  105  6:54  Overseer  
  101  7:14  Roach x4  
  101  7:15  Roach x6  
  106  7:30  Roach x5  
  106  7:36  Hydralisk x2  
  114  7:38  Queen  
  111  7:48  Hydralisk x2  
  113  7:55  Zergling x6  
  113  7:57  Queen  
  113  7:58  Zergling x2  
  113  8:11  Hydralisk x4  
  116  8:19  Hydralisk x2  
  116  8:26  Queen  
  116  8:27  Drone x4  
  124  8:41  Zerg Missile Weapons Level 2  
  124  8:43  Hatchery  
  123  8:53  Overlord, Roach x4  
  123  8:54  Overlord  
  131  9:09  Ravager x4  
  135  9:42  Overlord x3  
  135  9:43  Overlord x2, Roach x2  
  135  9:44  Roach x7  
  153  9:47  Overseer  
  153  9:48  Overseer x3  
  153  9:54  Infestation Pit  
  153  9:58  Queen  
  154  10:06  Drone x4  
  154  10:07  Drone  
  159  10:11  Drone, Hydralisk  
  159  10:12  Hydralisk x4  
  170  10:14  Extractor  
  170  10:18  Roach x3  
  170  10:20  Extractor  
  174  10:34  Hydralisk x6  
  174  10:35  Hydralisk x4  
  190  10:42  Overlord x2  
  194  10:52  Metabolic Boost  
  194  11:08  Hydralisk x3  
  200  11:22  Hive  
  196  11:36  Hydralisk x3  
  145  12:15  Hydralisk x4  
  137  12:16  Hydralisk x9  
Show
View Real Time Build Order
Export as new Build Order

Grumm Protoss 

Build Orders: 1 Gate Expand, Oracle Opening 

Get SALT Encoding   

  12  0:01  Probe (Chrono Boost)  
  13  0:16  Pylon  
  13  0:17  Probe (Chrono Boost)  
  14  0:28  Probe (Chrono Boost)  
  15  0:30  Assimilator  
  15  0:38  Probe (Chrono Boost)  
  16  0:49  Probe (Chrono Boost), Gateway  
  17  1:16  Probe (Chrono Boost)  
  18  1:23  Nexus  
  18  1:43  Probe (Chrono Boost)  
  19  1:51  Zealot  
  19  1:53  Probe (Chrono Boost)  
  22  1:55  Cybernetics Core  
  22  2:00  Pylon  
  22  2:03  Gateway  
  22  2:07  Assimilator  
  23  2:08  Probe (Chrono Boost)  
  24  2:22  Probe (Chrono Boost)  
  24  2:40  Probe x2 (Chrono Boost)  
  26  2:45  Stargate  
  26  2:46  Gateway  
  26  2:48  Pylon  
  26  2:57  Warp Gate (Chrono Boost)  
  26  3:00  Adept  
  26  3:01  Probe  
  29  3:17  Probe  
  29  3:18  Probe  
  31  3:28  Probe  
  31  3:30  Probe  
  33  3:36  Oracle  
  33  3:39  Adept, Zealot  
  40  3:41  Stalker  
  42  3:52  Pylon  
  42  4:06  Probe  
  43  4:10  Robotics Facility  
  43  4:20  Probe  
  43  4:22  Pylon  
  44  4:26  Probe  
  44  4:30  Assimilator  
  45  4:31  Gateway  
  45  4:32  Probe  
  45  4:36  Probe  
  47  4:40  Assimilator  
  47  4:44  Probe  
  48  4:47  Probe  
  49  4:56  Gateway  
  49  5:01  Probe  
  49  5:02  Probe  
  51  5:10  Void Ray  
  50  5:34  Stalker x3  
  52  5:44  Immortal  
  56  5:55  Pylon  
  56  5:56  Probe  
  57  5:57  Stalker  
  57  5:58  Zealot  
  57  5:59  Zealot  
  57  6:03  Adept  
  57  6:04  Adept  
  67  6:08  Probe x2  
  69  6:23  Probe, Nexus, Immortal  
  69  6:24  Probe  
  69  6:25  Pylon  
  75  6:33  Adept  
  75  6:36  Probe  
  78  6:40  Pylon  
  78  6:42  Pylon  
  78  6:43  Probe  
  79  6:55  Pylon, Adept x2  
  79  6:56  Adept  
  65  7:43  Probe  
  62  7:46  Stalker x3  
  62  7:47  Adept  
  62  7:48  Adept  
  58  8:14  Gateway  
  58  8:16  Pylon  
  58  8:17  Stalker x5  
  60  8:21  Void Ray  
  60  8:23  Immortal  
  68  8:35  Forge  
  68  8:37  Probe  
  68  8:38  Probe  
  70  8:44  Forge  
  70  8:45  Pylon  
  70  8:51  Assimilator, Stalker  
  72  8:59  Stalker  
  74  9:07  Immortal  
  74  9:08  Void Ray (Chrono Boost)  
  78  9:16  Protoss Ground Weapons Level 1  
  80  9:32  Protoss Ground Armor Level 1  
  80  9:39  Pylon  
  80  9:44  Twilight Council, Probe  
  80  9:45  Probe  
  80  9:47  Void Ray (Chrono Boost), Stalker, Immortal  
  80  9:49  Stalker x4  
  100  10:02  Assimilator  
  100  10:04  Stargate  
  100  10:07  Pylon  
  99  10:24  Oracle (Chrono Boost)  
  102  10:30  Immortal  
  105  10:41  Zealot x3  
  105  10:42  Zealot x2  
  115  10:45  Probe  
  116  10:55  Oracle x2 (Chrono Boost)  
  122  11:32  Void Ray (Chrono Boost)  
  120  11:55  Stalker  
  120  11:56  Stalker x4  
  65  12:20  Stalker x4  
  65  12:21  Stalker  
Tags
 
Add a new tag
Caveats
  • Supply blocks, unpowered buildings, or Contaminate may cause inaccurate times.
  • Supply counts are checked every 10 seconds.